[Event "USA Senior-ch TB 2022"]
[Site "Saint Louis"]
[Date "2022.07.19"]
[Round "1.1"]
[White "Shabalov, Alexander"]
[Black "Dlugy, Maxim"]
[Result "1-0"]
[ECO "B01"]
[WhiteElo "2510"]
[BlackElo "2513"]
[Annotator "TA"]
[PlyCount "97"]
[EventDate "2022.07.07"]
[EventType "tourn"]
[EventCountry "USA"]
[SourceTitle "playchess.com"]
[Source "ChessBase"]
[SourceQuality "1"]
[TimeControl "180+2"]

1. e4 d5 2. exd5 Qxd5 3. Nc3 Qd6 4. d4 c6 5. Nf3 Nf6 6. g3 {[%emt 0:00:00] B01: Scandinavian Defence.} Bf5 7. Bg2 e6 8. O-O {[%emt 0:00:00] White is slightly better.} h6 9. Ne2 Be7 10. c4 O-O 11. Bf4 Qd8 12. Nc3 {[%emt 0:00:00] [#]} Bd6 $146 ({Predecessor:} 12... Qb6 13. Qe2 Re8 14. Rfd1 Nbd7 15. h3 Rad8 16. g4 Bg6 17. Ne5 Nxe5 18. dxe5 Nd7 {1-0 (49) Shyam,N (2385)-Kasparov,S (2462) Kathmandu 2018}) 13. Be3 Nbd7 14. a3 a5 15. h3 Qc7 16. Nd2 Rfd8 17. c5 Be7 18. b4 e5 19. Nf3 exd4 20. Nxd4 (20. Bf4 Qc8 21. Na4 (21. Nxd4 Nxc5 22. bxc5 Bxc5 $11) 21... axb4 22. Nxd4 Be4 23. axb4 Bxg2 24. Kxg2 Nd5 $17) 20... Ne5 (20... Bh7 $11) 21. Qb3 (21. f4 $14) 21... Bd3 $11 22. Rfd1 Bc4 23. Qc2 axb4 24. axb4 Rxa1 25. Rxa1 Bd3 26. Qb3 Nc4 {[%emt 0:00:00] [#]} (26... Bc4 $11 27. Qc2 Bd3) 27. Ncb5 $1 $16 cxb5 28. Qxd3 Qd7 (28... Bf8 $16) 29. Qf5 Qe8 30. Re1 (30. Bxb7 Nxe3 31. fxe3 Bxc5 $1 32. bxc5 Qxe3+ 33. Qf2 Qxd4 34. Qxd4 Rxd4 $15) ({White should try} 30. Nc2 $1 $18) 30... Nxe3 $14 31. fxe3 Bf8 $1 32. Qf1 {[%emt 0:00:00] 0x0.00168535e271dp-1022s more active pieces.} (32. Kf2 $16) 32... Qe5 (32... Nd5 $1 $11 {keeps the balance.}) 33. c6 (33. Qf4 $16 Qe7 34. Nf5) 33... Qxg3 (33... Bxb4 $11 34. Re2 b6) 34. Nf5 $36 {[%emt 0:00:29][%mdl 2048] Keeping Black busy.} Qe5 {[%emt 0:00:00] White must now prevent ...bxc6.} 35. cxb7 Rb8 (35... Bxb4 $2 36. Ra1 Rf8 37. Ra8 $18) 36. Qf4 $1 Nd7 (36... Qxf4 $16 {was worth a try.} 37. exf4 Kh7) 37. Qxe5 $18 Nxe5 38. Rc1 Nc4 39. Ra1 {[%emt 0:00:02] Hoping for Ra8.} Nb6 40. Nd4 (40. Ra5 $142) 40... Bxb4 41. Ra7 {[%emt 0:00:08] Strongly threatening Nc6.} Re8 $2 {[%emt 0:01:08] [#]} (41... Bd6 $16 {is a better chance.} 42. Ra6 (42. Nxb5 Bg3 $18) 42... Bc5) 42. Nc6 $2 (42. Bd5 $1 $18 Rf8 {[#]} 43. Bxf7+ $1 Kh7 44. b8=B Rxb8 45. Nc6 (45. Nxb5 Nc8 $11)) 42... Bd6 $16 43. Ra6 Nd7 44. Nd4 (44. Ra8 Nb8 $16) 44... Bb8 45. Bc6 Rd8 46. Bxd7 ({Don't play} 46. Bxb5 $6 Nc5 $14) (46. Ra8 $18 {Threatens to win with Bxd7.} Ne5 47. Bxb5) 46... Rxd7 47. Rb6 Kf8 $2 (47... Kh7 $16 48. Kf2 (48. Nxb5 Rd1+ 49. Kf2 Rb1 $11) (48. Rxb5 Rd6 $18) 48... g6 49. Rxb5 Rd6) 48. Nc6 $18 Bc7 49. b8=Q+ {[%emt 0:00:05] Weighted Error Value: White=0.39/Black=0.50} 1-0

[Event "USA Senior-ch TB 2022"]
[Site "Saint Louis"]
[Date "2022.07.19"]
[Round "1.2"]
[White "Gurevich, Dmitry"]
[Black "Christiansen, Larry"]
[Result "1/2-1/2"]
[ECO "D37"]
[WhiteElo "2351"]
[BlackElo "2577"]
[Annotator "TA"]
[PlyCount "85"]
[EventDate "2022.07.07"]
[EventType "tourn"]
[EventCountry "USA"]
[SourceTitle "playchess.com"]
[Source "ChessBase"]
[SourceQuality "1"]
[TimeControl "180+2"]

1. d4 Nf6 2. c4 e6 3. Nf3 d5 4. Nc3 a6 5. cxd5 exd5 6. Bg5 {[%emt 0:00:00] D37: Queen's Gambit Declined: 5 Bf4.} Be6 7. e3 Nbd7 8. Bd3 {[%emt 0:00:00] White is slightly better.} Bd6 9. O-O O-O 10. h3 h6 11. Bh4 Re8 {[%emt 0:00:00] [#]} 12. Nd2 $146 ({Predecessor:} 12. Ne2 c6 13. Bg3 Ne4 14. Bxe4 dxe4 15. Nd2 Bxg3 16. Nxg3 f5 17. Ne2 Nf6 18. Rc1 {½-½ (47) Grischuk,A (2754)-Carlsen,M (2857) Chess.com INT 2016}) 12... c5 13. f4 cxd4 14. exd4 Nb6 $1 15. Qf3 Rc8 16. Rae1 Be7 17. g4 Nc4 18. Nxc4 (18. Bxc4 $5 dxc4 19. Qf2 $11) 18... dxc4 19. Bb1 {[%emt 0:00:00] aiming for g5.} Qxd4+ 20. Bf2 Qd7 21. g5 Bxh3 $2 (21... hxg5 $15 22. fxg5 Nh7) 22. gxf6 $16 Bxf6 {[%emt 0:00:00] [#]} 23. Nd5 $1 Bxf1 24. Nxf6+ gxf6 25. Rxf1 {[%emt 0:00:00] Qh5 is the strong threat. Chess con chili.} f5 26. Rd1 (26. Qh3 $16 Rc6 27. Bxf5) 26... Qe6 {[%emt 0:00:00] [#]} 27. Rd5 {[%emt 0:00:00] White is more active.} ({Much worse is} 27. Qxb7 $6 Qg6+ 28. Kf1 (28. Qg2 Rcd8 $15) 28... Rb8 $11) (27. Kh1 $1 $16) 27... Qe2 (27... Qg6+ $11 28. Kf1 Qg4) 28. Qg3+ (28. Qg2+ $14 Qg4 29. Bxf5 Qxg2+ 30. Kxg2) 28... Qg4 $11 {[%emt 0:00:00] White must now prevent ...Rcd8.} 29. Bxf5 {[%emt 0:00:09][%mdl 64] Pin} Qxg3+ 30. Bxg3 {[%emt 0:00:02] A strong pair of Bishops.} Rcd8 31. Rxd8 Rxd8 32. Be1 $1 Rd4 33. Bc8 {[%emt 0:00:07][%mdl 1024] White has compensation.} b6 34. f5 b5 35. Bxa6 Rg4+ 36. Kh2 Re4 37. Bc3 b4 38. Bxb4 Re2+ 39. Kg3 $2 (39. Kg1 $11 Rxb2 40. a3) 39... Rxb2 $19 40. Be1 {[%emt 0:00:04] [#]} Rxa2 $2 ({Black should play} 40... c3 $1 $19 41. Bc4 (41. Bxc3 $2 Rxa2 42. Kh4 Rxa6 $19) 41... Rc2) 41. Bxc4 $11 {[%emt 0:00:03] The position is equal.} Rc2 42. Bd3 Rc1 43. Kf2 {[%emt 0:00:07] Weighted Error Value: White=0.33/Black=0.28 (precise)} 1/2-1/2

[Event "USA Senior-ch TB 2022"]
[Site "Saint Louis"]
[Date "2022.07.19"]
[Round "2.1"]
[White "Dlugy, Maxim"]
[Black "Gurevich, Dmitry"]
[Result "1/2-1/2"]
[ECO "A45"]
[WhiteElo "2513"]
[BlackElo "2351"]
[Annotator "TA"]
[PlyCount "121"]
[EventDate "2022.07.07"]
[EventType "tourn"]
[EventCountry "USA"]
[SourceTitle "playchess.com"]
[Source "ChessBase"]
[SourceQuality "1"]
[TimeControl "180+2"]

1. d4 Nf6 2. Bf4 c5 3. dxc5 e6 4. Bd6 Bxd6 5. Qxd6 {[%emt 0:00:00] [#]} Qe7 $146 ({Predecessor:} 5... b6 6. cxb6 Nc6 7. Nd2 Ba6 8. b7 Rb8 9. Nb3 Rxb7 10. c3 Rb6 11. Qa3 d6 {0-1 (37) Ostrovskiy,A (2431)-Martinez Alcantara,J (2620) Chess.com INT 2021}) 6. Nc3 {[%emt 0:00:00] A45: Trompowsky Attack.} Na6 $1 7. Nb5 Ne4 (7... Kf8 $5 ) 8. Qxe7+ (8. Qd4 $14 Qxc5 9. e3 (9. Qxc5 Nexc5 10. Nd6+ Ke7 $11) 9... Qxd4 10. exd4) 8... Kxe7 $11 9. f3 Nexc5 10. e4 Nb4 11. Kd2 a6 12. Nc3 b5 13. a3 Nc6 14. b4 $36 {[%emt 0:00:00][%mdl 2048] White fights for an advantage.} Nb7 15. a4 Nxb4 16. axb5 a5 (16... d5 $11 {keeps the balance.}) 17. Na4 $1 $16 d5 18. Nb6 ({Don't do} 18. c3 dxe4 19. fxe4 (19. cxb4 axb4 20. fxe4 Rd8+ 21. Ke3 b3 $17) 19... Nd6) 18... Rb8 (18... Ra7 $16) 19. c3 $18 Nc5 (19... dxe4 $142 20. cxb4 axb4 21. fxe4 Nc5 22. Ra7+ Bb7) 20. cxb4 Nb3+ 21. Kc3 Nxa1 22. bxa5 {[%emt 0:00:00] Chess con chili.} dxe4 (22... Rxb6 {is a better defense.} 23. axb6 dxe4) 23. fxe4 Rd8 24. Be2 Rxb6 25. axb6 Bb7 26. Nf3 Rc8+ 27. Bc4 Nc2 {[%emt 0:00:15][%mdl 64] Decoy} 28. Kxc2 (28. Ne5 $142 Na3 29. Kb4 Nc2+ 30. Ka4) 28... Rxc4+ $16 {[%emt 0:00:03][%mdl 4096] Endgame KRB-KRN} 29. Kb3 Rxe4 30. Rc1 {[%emt 0:00:00] Black must now prevent Rc7+.} Bd5+ 31. Ka3 Kd6 32. Rc7 {[%emt 0:00:00] Ng5 is the strong threat.} e5 $2 (32... Rf4 $14) 33. Ng5 $2 (33. Rc8 $1 $18 ) 33... Rf4 $11 34. Rc8 Bxg2 {[%emt 0:00:18] aiming for ...h6.} 35. Rc7 Bd5 36. Rc8 $1 Bg2 37. Rc2 Bb7 38. Rc7 Bd5 39. Nxh7 {[%emt 0:00:02] [#]} (39. Rc8 $1 $11 {was the only way to keep the balance.}) 39... e4 (39... Rf1 $1 $17 {Strongly threatening ...e4.} 40. Kb2 e4) 40. Nf8 {[%emt 0:00:02] Hoping for Rd7+.} e3 41. Rd7+ Kc5 42. b7 $2 {[%emt 0:00:16][%mdl 8192] [#]} (42. Rxd5+ $11 Kxb6 43. Nd7+ Ka5 44. Kb3 (44. Re5 Rd4 $16)) 42... Bxb7 $1 $19 {[%emt 0:00:04][%mdl 512] Threatens to win with ...e2.} 43. Rxb7 {[%emt 0:00:02] [#] KRN-KR} (43. Rd1 Re4) 43... Re4 {[%emt 0:00:08] Against Re7} 44. Rc7+ Kxb5 45. Rc1 e2 46. Re1 Kc4 47. Nd7 Kd4 (47... Kd3 $142 48. Nc5+ Kd2 49. Rxe2+ Rxe2) 48. Kb3 Ke3 {[%emt 0:00:02] ( -> ...Kd2)} 49. Nc5 Re5 50. Kc4 Kd2 51. Rg1 e1=Q 52. Nb3+ Kd1 53. Rxe1+ Rxe1 {[%emt 0:00:02] KR-KN} 54. Nd4 Rh1 55. Nf3 Ke2 56. Ng5 f6 57. Ne6 Rxh2 58. Nxg7 Rh4+ 59. Kd5 Ke3 $2 (59... Rf4 $19 60. Ne6 Ke3) 60. Nf5+ $11 Kf4 61. Nxh4 {[%emt 0:00:02] Quite a comeback for White.  Weighted Error Value: White=0.54/Black=0.30} 1/2-1/2

[Event "USA Senior-ch TB 2022"]
[Site "Saint Louis"]
[Date "2022.07.19"]
[Round "2.2"]
[White "Akopian, Vladimir"]
[Black "Shabalov, Alexander"]
[Result "1/2-1/2"]
[ECO "A35"]
[WhiteElo "2620"]
[BlackElo "2510"]
[Annotator "TA"]
[PlyCount "60"]
[EventDate "2022.07.07"]
[EventType "tourn"]
[EventCountry "USA"]
[SourceTitle "playchess.com"]
[Source "ChessBase"]
[SourceQuality "1"]
[TimeControl "180+2"]

1. Nf3 c5 2. c4 Nc6 3. Nc3 g6 4. e3 Bg7 5. d4 d6 6. d5 Ne5 7. Nxe5 Bxe5 8. Qc2 {[%emt 0:00:00] A35: Symmetrical English: 2 Nc3 Nc6 3 Nf3.} e6 9. Bd3 Ne7 {[%emt 0:00:00] [#]} 10. Be4 $146 {[%emt 0:00:00] White has an edge.} ({Predecessor:} 10. e4 exd5 11. cxd5 O-O 12. Bg5 f6 13. Be3 f5 14. f4 Bd4 15. Qf2 fxe4 16. Bxe4 {0-1 (34) Korpa,B (2433)-Rajlich,I (2392) Budapest 2015}) 10... O-O 11. O-O Rb8 12. Rd1 exd5 13. Nxd5 b5 14. cxb5 Rxb5 15. Rb1 Bg4 16. Rd2 Nxd5 17. Bxd5 Qh4 18. g3 Qh5 19. b3 Bf5 20. Be4 (20. e4 $5 Bh3 21. Rd3 $14) 20... Be6 21. Bb2 Bxb2 22. Rxb2 d5 23. Bg2 Rc8 24. h4 Qe5 (24... c4 $5 25. a4 (25. bxc4 dxc4 26. Qc3 Rxb2 $15) 25... Rb6 26. bxc4 dxc4 27. Rxb6 axb6 $15) 25. Qc1 a5 26. Rbc2 a4 27. Bf1 $2 {[%emt 0:01:03] [#] White does not recover from this.} (27. bxa4 $11 {and White stays safe.} Ra5 28. Qb2 Qxb2 29. Rxb2) 27... axb3 $19 {Black is clearly better.} 28. axb3 Rxb3 29. Rxc5 Rxc5 30. Qxc5 Rc3 {[%emt 0:00:10] Weighted Error Value: White=0.24 (precise) /Black=0.05 (flawless)} ({Better is} 30... Rb1 $17 31. Ra2 h5) 1/2-1/2

[Event "USA Senior-ch TB 2022"]
[Site "Saint Louis"]
[Date "2022.07.19"]
[Round "3.1"]
[White "Gurevich, Dmitry"]
[Black "Akopian, Vladimir"]
[Result "1/2-1/2"]
[ECO "A75"]
[WhiteElo "2351"]
[BlackElo "2620"]
[Annotator "TA"]
[PlyCount "148"]
[EventDate "2022.07.07"]
[EventType "tourn"]
[EventCountry "USA"]
[SourceTitle "playchess.com"]
[Source "ChessBase"]
[SourceQuality "1"]
[TimeControl "180+2"]

1. d4 Nf6 2. c4 e6 3. Nf3 c5 4. d5 d6 5. Nc3 exd5 6. cxd5 g6 7. e4 a6 8. a4 Bg4 9. Be2 Bxf3 10. Bxf3 Bg7 11. O-O O-O 12. Bf4 Qe7 13. Qb3 Nbd7 14. Qxb7 Rfb8 15. Qc6 {[%emt 0:00:00] A75: Modern Benoni: Classical: 9...a6 10 a4 Bg4.} Ne8 {[%emt 0:00:00][%mdl 1024] Black has compensation.} 16. a5 Be5 17. Be3 {[%emt 0:00:00] The position is equal.} Bd4 18. Bf4 ({White should try} 18. Bxd4 $1 $14 cxd4 19. Ne2) 18... Ne5 (18... Ra7 $5 ) 19. Bxe5 {[%emt 0:00:00] [#]} Qxe5 $146 ({Predecessor:} 19... Bxe5 20. Be2 Nf6 21. Ra3 Bxc3 22. bxc3 Nxe4 23. Bxa6 Nd2 {½-½ (31) Pitirimov,S (2128)-Hansen,M (2000) IECG email 2003}) 20. Na4 Rc8 21. Qd7 Rc7 22. Qh3 Bxb2 23. Rab1 Rb8 24. Nb6 c4 (24... Qc3 $11) 25. Nd7 $14 Rxd7 26. Qxd7 c3 $1 27. Qc6 Nf6 28. Rfe1 (28. Qxa6 c2 29. Rbe1 Qf4) (28. g3 $16) 28... Kg7 (28... Rb5 $1 $11 29. Qxa6 Rc5) 29. Bd1 (29. Qxa6 $2 c2 30. Qd3 cxb1=N 31. Rxb1 Rc8 $19) ({White should play} 29. g3 $16) 29... Rb4 (29... Rb5 $14) 30. Bc2 $1 $16 (30. Qxa6 $6 Rxe4 31. Rf1 (31. Rxe4 $2 Qxe4 32. Bc2 Qxc2 $19) 31... Re1 $14) 30... Rd4 31. Qxa6 Ng4 32. g3 $1 {[%emt 0:00:07] Strongly threatening h3.} Qh5 33. h4 Ne5 $2 (33... g5 $16) 34. Qe2 $2 (34. Qxd6 Rd2 35. Qc7 Rxc2 36. Rxb2 Nf3+ 37. Kf1 Nh2+ 38. Kg1 Nf3+ 39. Kf1 Nh2+ 40. Kg1 Nf3+ $11) (34. Red1 $1 $18 ) 34... Nf3+ (34... Rd2 $16 35. Qxh5 gxh5) 35. Kg2 $18 Nxe1+ 36. Rxe1 $2 (36. Qxe1 $18 {And now Qe3 would win.} Rb4 37. Qe3 (37. Rxb2 Rxb2 38. Qxc3+ Qe5 $14)) 36... Qe5 (36... Qxe2 $16 37. Rxe2 Ba3) 37. Rd1 (37. a6 $18 Rd2 38. Qf3) 37... Rb4 $2 (37... Rd2 $16 {keeps fighting.} 38. Rxd2 cxd2) 38. a6 {[%emt 0:00:10] aiming for a7.} Qe7 39. Qe3 Rb5 $2 (39... Rb8 {might work better.} 40. h5 Kg8) 40. Rd4 Ba3 41. Qxc3 Bb2 42. Qd3 Bxd4 43. Qxb5 {[%emt 0:00:07][%mdl 4096] Endgame KQB-KQB} (43. Qxd4+ f6 $16) 43... Qf6 44. Qe2 Ba7 45. Bd3 Qd4 46. Bb5 h5 47. Qf3 Qb2 48. Be8 f6 {[%emt 0:00:02] [#]} (48... Qf6 $142 49. Qe2 Qe5) 49. Bc6 (49. Bxg6 $142 $1 Kxg6 50. Qf5+ Kh6 51. g4) 49... Bd4 $2 (49... Kf7 50. Ba4 Bc5) 50. Bb7 $2 (50. e5 $18 {Threatens to win with Qxf6+.} fxe5 51. Be8) 50... Qd2 ({Better is} 50... Qc2 $14) 51. Qf4 (51. Bc8 $1 $18) 51... Qb2 52. Kh3 (52. Qxd6 Qxf2+ 53. Kh3 Qf1+ 54. Kh2 Qg1+ 55. Kh3 Qh1#) (52. Bc8 $16) 52... Qa1 (52... Qe2 $11 53. Kg2 (53. Qxd6 {is a self mate.} Qf1+ 54. Kh2 Qxf2+ 55. Kh3 Qf1+ 56. Kh2 Qg1+ 57. Kh3 Qh1#) 53... Qa2) 53. Kg2 Qb2 $1 54. Qf3 {[%emt 0:00:02] Prevents Qe2.} (54. Qxd6 {gets mated.} Qxf2+ 55. Kh3 Qf1+ 56. Kh2 Qg1+ 57. Kh3 Qh1#) (54. Bc8 $16) 54... Qa2 (54... Qd2 $1 $11) 55. Bc8 $14 {[%emt 0:00:04][%cal Oe4e5] e5! is the strong threat.} Qc2 (55... Qc4 $14) 56. Bd7 $18 Qb2 $2 (56... Ba7 57. g4 hxg4 58. Bxg4 Qb2) 57. g4 hxg4 58. Bxg4 Qa2 59. Bc8 (59. Qg3 $18) 59... Qc2 $2 (59... Qc4 $16) 60. Be6 Qa2 61. Bc8 {[%emt 0:00:02] Hoping for h5.} Qc2 $1 62. Bh3 Qa2 63. Bg4 (63. h5 $18) 63... Qxa6 $16 64. h5 {[%emt 0:00:00] Black must now prevent hxg6.} gxh5 65. Bxh5 Qc8 66. Qg3+ Kh8 67. Qxd6 Qg8+ 68. Qg3 (68. Kf1 {keeps more tension.} Qc8 69. Qa3 Qc5 70. Qxc5 Bxc5 71. Kg2) 68... Qxg3+ 69. Kxg3 {[%emt 0:00:10] KB-KB} Kg7 $2 {[%mdl 8192] [#]} (69... f5 $16) 70. f4 $1 $18 Kf8 71. Kg4 $2 (71. d6 $18 {and the rest is easy.} Bc5 72. d7) 71... Ke7 $16 72. Kf5 Bb6 $2 {[%emt 0:00:02][%mdl 8192] [#]} (72... Kd6 $16 73. Be2 Be3) 73. Bd1 $2 (73. d6+ $1 $18 {is the precise move to win.} Kd7 74. Kxf6 Kxd6 75. e5+ Kd5 76. Bf3+ Kd4 77. e6) 73... Bc7 74. Bb3 Bd6 {[%emt 0:00:02] Weighted Error Value: White=0.48/Black=0.69} 1/2-1/2

[Event "USA Senior-ch TB 2022"]
[Site "Saint Louis"]
[Date "2022.07.19"]
[Round "3.2"]
[White "Christiansen, Larry"]
[Black "Dlugy, Maxim"]
[Result "1-0"]
[ECO "D26"]
[WhiteElo "2577"]
[BlackElo "2513"]
[Annotator "TA"]
[PlyCount "107"]
[EventDate "2022.07.07"]
[EventType "tourn"]
[EventCountry "USA"]
[SourceTitle "playchess.com"]
[Source "ChessBase"]
[SourceQuality "1"]
[TimeControl "180+2"]

1. d4 d5 2. c4 dxc4 3. e3 e6 4. Bxc4 Nf6 5. Nf3 a6 6. O-O b5 7. Be2 Bb7 {[%emt 0:00:00] D26: Queen's Gambit Accepted: 4 e3 e6 5 Bxc5 c5 sidelines.} 8. a4 b4 9. Nbd2 Nbd7 {[%emt 0:00:00] The position is equal.} 10. Nc4 {[%emt 0:00:00] 10.Nc4 is better than 10.b3.} c5 11. Nfe5 Be7 12. Bf3 Bd5 {[%emt 0:00:00] [#]} 13. Qe2 $146 ({Predecessor:} 13. Re1 cxd4 14. Bxd5 Nxd5 15. Qf3 Nxe5 16. Nxe5 O-O 17. Nc6 Qb6 18. Nxd4 Rac8 19. e4 Qxd4 20. exd5 {0-1 (56) Briem,B (1901)-Pasztor,B (2100) Bratislava 2019}) 13... cxd4 14. exd4 Rc8 15. b3 Bxf3 16. Qxf3 O-O (16... Nb8 $14) 17. Nc6 $16 Qe8 18. Bg5 h6 19. Bh4 {[%emt 0:00:00] 0x0.001e39e239a5dp-1022s more active pieces.} Nb8 20. Nxe7+ Qxe7 21. Rfe1 Nbd7 22. d5 Qc5 23. dxe6 fxe6 24. Bg3 {[%emt 0:00:00] Black must now prevent Bd6.} ({Don't blunder} 24. Rxe6 $2 Qd4 25. Ree1 (25. Bxf6 $2 Rxf6 26. Rd1 Rxe6 $19) 25... Qxh4 $19) 24... Nh5 {[%emt 0:00:00] [#]} 25. Qe2 Nxg3 26. hxg3 Rf6 27. Rad1 Nb6 (27... Qe7 $16 28. Ne3 Rff8) 28. Nd6 $18 Nd5 29. Ne4 Qb6 30. Nxf6+ Nxf6 31. a5 Qc6 32. Qxe6+ Qxe6 33. Rxe6 {[%emt 0:00:02][%mdl 4096] Endgame KRR-KRN} Rc3 34. Rb1 Rc2 35. Rxa6 Ne4 36. Ra8+ Kf7 37. Ra1 {[%emt 0:00:06] And now a6 would win.} Nd2 38. a6 {[%emt 0:00:10] Threatening mate with a7.} Nxb3 39. Rb1 Nd2 40. Rxb4 Ra2 41. f3 Ra1+ 42. Kf2 Ra2 43. Kg1 Ra1+ {[%emt 0:00:03] [#]} 44. Kh2 $1 Ra2 45. Kh3 h5 46. Rd8 Ra1 47. g4 hxg4+ 48. Kxg4 {[%emt 0:00:16] White mates.} Nf1 49. Rb7+ Kg6 50. a7 Ra4+ 51. f4 Ra3 52. Rb6+ Kh7 53. a8=Q Ne3+ 54. Kf3 {[%emt 0:00:00] Weighted Error Value: White=0.10 (very precise) /Black=0.47} 1-0

[Event "USA Senior-ch TB 2022"]
[Site "Saint Louis"]
[Date "2022.07.19"]
[Round "4.1"]
[White "Akopian, Vladimir"]
[Black "Christiansen, Larry"]
[Result "0-1"]
[ECO "C42"]
[WhiteElo "2620"]
[BlackElo "2577"]
[Annotator "TA"]
[PlyCount "104"]
[EventDate "2022.07.07"]
[EventType "tourn"]
[EventCountry "USA"]
[SourceTitle "playchess.com"]
[Source "ChessBase"]
[SourceQuality "1"]
[TimeControl "180+2"]

1. e4 e5 2. Nf3 Nf6 3. Nxe5 d6 4. Nf3 Nxe4 5. d4 d5 6. Bd3 Be7 7. O-O Nc6 8. c4 {[%emt 0:00:00] 8.Nbd2 gains popularity.} Nb4 9. Be2 dxc4 {[%emt 0:00:00] C42: Petroff Defence: 3 Nxe5 and unusual White 3rd moves.} 10. Bxc4 Nd6 $5 {[%emt 0:00:00][%mdl 4] Exploring less charted territory.} 11. Qa4+ b5 {[%emt 0:00:00] White is slightly better.} 12. Bxb5+ Nxb5 13. Qxb5+ Bd7 14. Qe2 O-O {[%emt 0:00:00] [#]} 15. Nc3 $146 ({Predecessor:} 15. a3 Nd5 16. Re1 Re8 17. Qd3 Rb8 18. Nc3 Be6 19. b4 Nxc3 20. Qxc3 Bd6 21. Bg5 {½-½ (54) Tauscher,K (2422)-Ganz,H (2299) Remote email 2014}) 15... Re8 16. a3 Bd6 17. Be3 $1 Nc6 18. h3 {[%emt 0:00:00] Inhibits Bg4.} Qf6 19. Nb5 Qg6 20. Nxd6 cxd6 21. Kh2 Ne7 22. Nh4 Qf6 23. Qh5 h6 24. Rac1 Rab8 25. Rc7 (25. d5 $5 ) 25... Be6 26. Rxa7 Rxb2 27. Ra5 {[%emt 0:00:38] Against Nd5} Bc4 ({Black should play} 27... Nc6 $1 $17 28. Rf5 (28. Rb5 $2 g6 $19) 28... Bxf5 29. Nxf5 Ne7 30. Nxe7+ Qxe7) 28. Rc1 d5 {[%emt 0:00:02] Threatens to win with ...Be2.} 29. Qg4 Be2 30. Qg3 g5 {[%emt 0:00:09] White must now prevent ...Kh7.} 31. f4 (31. Ra7 $1 $16) 31... Qd6 (31... g4 $1 $14) 32. fxg5 $2 (32. Rc3 $1 $16) 32... Qxg3+ $17 33. Kxg3 Rb3 $36 {[%emt 0:00:07][%csl LRe3,LRg5][%mdl 2048] Inhibits Rc3. Black is really pushing.} 34. Kf2 {[%emt 0:00:02] [#] And now Re1 would win.} Rxe3 $1 35. Kxe3 Nc6+ $1 {[%emt 0:00:02][%mdl 64] Discovered Attack} 36. Kf2 Nxa5 37. Re1 (37. gxh6 $142 Nb3 38. Re1 Nxd4 39. g4) 37... hxg5 38. Nf5 {[%emt 0:00:05] [#]} (38. Rxe2 $17 Rxe2+ 39. Kxe2 gxh4 40. Kf3) 38... Bb5 $1 $19 39. Rxe8+ Bxe8 40. Ne7+ Kg7 41. Nxd5 Nc4 {[%emt 0:00:02] Inhibits Nb6.} 42. Nc3 Nxa3 43. Ne4 f6 44. Nd6 Bc6 45. Kg3 Kg6 46. h4 (46. Kf2 $142) 46... Nb5 $2 (46... gxh4+ 47. Kxh4 Bxg2) 47. Nc4 $2 (47. d5 $19) 47... gxh4+ 48. Kxh4 Bxg2 49. Ne3 Bb7 50. d5 f5 51. Kg3 Kg5 {[%emt 0:00:02] ( -> ...f4+)} 52. Kf3 Nc3 {[%emt 0:00:04] Weighted Error Value: White=0.72/Black=0.31} 0-1

[Event "USA Senior-ch TB 2022"]
[Site "Saint Louis"]
[Date "2022.07.19"]
[Round "4.2"]
[White "Shabalov, Alexander"]
[Black "Gurevich, Dmitry"]
[Result "1-0"]
[ECO "B57"]
[WhiteElo "2510"]
[BlackElo "2351"]
[Annotator "TA"]
[PlyCount "63"]
[EventDate "2022.07.07"]
[EventType "tourn"]
[EventCountry "USA"]
[SourceTitle "playchess.com"]
[Source "ChessBase"]
[SourceQuality "1"]
[TimeControl "180+2"]

1. e4 c5 2. Nf3 d6 3. d4 cxd4 4. Nxd4 Nf6 5. Nc3 Nc6 6. Bc4 Bd7 7. a3 {[%emt 0:00:00] B57: Classical Sicilian: Sozin with 6...Qb6.} g6 8. h3 Bg7 9. Be3 {[%emt 0:00:00] The position is equal.} O-O 10. O-O Rc8 {[%emt 0:00:00] [#] Strongly threatening ...Nxd4.} 11. Ba2 Ne5 12. f4 Nc4 13. Bxc4 Rxc4 14. Qd3 Rc8 15. Rad1 a6 {[%emt 0:00:00] [#]} (15... Qc7 $11 {was preferrable.}) 16. e5 $146 {[%emt 0:00:00][%mdl 2048] White has some pressure.} ({Predecessor:} 16. Nb3 Bc6 17. Nd5 Nxd5 18. exd5 Bb5 19. Qe4 Bxf1 20. Rxf1 b5 21. c3 Rc4 22. Nd4 {0-1 (43) Zaiarski,S (1636)-Melkumyants,A (2002) Porec 2015}) 16... Ne8 17. Qe4 Bc6 18. Nxc6 Rxc6 {[%emt 0:00:00] [#]} (18... bxc6 $142 19. Bd4 d5) 19. Nd5 $1 $16 {[%emt 0:00:00][%cal Bc3d5,Bd5b4,Bb4d3][%mdl 32] White is much more active. The black rooks are badly placed.} e6 (19... Qd7 $16) 20. Nb4 $18 Rc7 21. Bb6 Qd7 22. Bxc7 Qxc7 23. Nd3 dxe5 24. fxe5 Qxc2 25. Rc1 ({Resist} 25. Qxb7 $6 Nc7 26. Qe4 Nd5 $18) 25... Qb3 26. Kh1 {[%emt 0:00:00] Black must now prevent Nc5.} Qb5 27. b4 b6 28. Rf3 a5 29. bxa5 Qxa5 30. a4 Bh6 (30... Qa7 $142 31. Qd4 Bh6) 31. Rc8 Bg5 (31... Ng7 $142 32. Rxf8+ (32. Qb7 Nf5 $18) 32... Kxf8) 32. Qc6 {[%emt 0:00:18] Weighted Error Value: White=0.10 (very precise) /Black=0.36} 1-0